 Dungeon Crawl Stone Soup version 0.28-a0-1206-g193881aaa2 (webtiles) character file.

Game seed: 9709122288330031015

66 cameronblades the Covered (level 4, -7/35 HPs)
             Began as a Human Fighter on Dec 20, 2021.
             Killed from afar by an orc wizard (8 damage)
             ... with a magic dart
             ... on level 3 of the Dungeon.
             The game lasted 00:12:31 (2284 turns).

cameronblades the Covered (Human Fighter)           Turns: 2284, Time: 00:12:31

Health: -7/35      AC:  5    Str: 16    XL:     4   Next: 37%
Magic:  3/5        EV: 10    Int: 11    God:
Gold:   70         SH:  0    Dex: 12    Spells: 3/5 levels left

rFire   . . .      SeeInvis .   g - +3 long sword (freeze)
rCold   . . .      Faith    .   (no shield)
rNeg    . . .      Spirit   .   c - +0 ring mail
rPois   .          Reflect  .   (no helmet)
rElec   .          Harm     .   i - scarf {repulsion}
rCorr   .          Rampage  .   (no gloves)
Will    .....                   (no boots)
Stlth   +.........              (no amulet)
HPRegen 0.11/turn               (no ring)
MPRegen 0.09/turn               (no ring)

@: very slightly contaminated, repel missiles
A: no striking features
a: no special abilities


You were on level 3 of the Dungeon.
You visited 1 branch of the dungeon, and saw 4 of its levels.

You collected 70 gold pieces.

Inventory:

Hand Weapons
 a - a +0 flail
 f - a +0 vorpal hand axe
 g - a +3 long sword of freezing (weapon)
Armour
 b - a +0 scale mail
 c - a +0 ring mail (worn)
 i - a scarf of repulsion (worn)
 l - a +0 leather armour
Wands
 k - a wand of flame (8)
Scrolls
 j - 3 scrolls of identify {unknown}
Potions
 d - a potion of might
 e - a potion of berserk rage {unknown}
 h - a potion of lignification {unknown}


   Skills:
 + Level 3.4 Fighting
 * Level 0.9 Long Blades
 - Level 0.4(1.4) Axes
 - Level 2.2(2.3) Maces & Flails
 + Level 3.4 Armour
 - Level 3.0 Shields
 * Level 1.1 Spellcasting
 * Level 0.8 Air Magic
 * Level 0.6 Poison Magic


You had 3 spell levels left.
You knew the following spells:

 Your Spells              Type           Power      Damage    Failure   Level
a - Poisonous Vapours     Pois/Air       4%         N/A       54%         2

Your spell library contained the following spells:

 Spells                   Type           Power      Damage    Failure   Level
 Corpse Rot               Necr/Air       2%         N/A       58%         2


Dungeon Overview and Level Annotations

Branches:
Dungeon (4/15)
 Temple: D:4-7

Altars:


Message History

The orc wizard hits you but does no damage.
The orc hits you with a +0 flail. The orc wizard casts a spell at you.
You resist with some effort.
You barely miss the orc wizard.
The orc wizard is moderately wounded.
The orc hits you but does no damage.
The orc wizard hits you with a +0 dagger.
You closely miss the orc wizard.
The orc wizard is moderately wounded.
The orc closely misses you. The orc wizard casts a spell at you.
The magic dart hits you!
* * * LOW HITPOINT WARNING * * *
The orc barely misses you.
You slash the orc wizard! You freeze the orc wizard.
The orc wizard is almost dead.
The orc wizard hits you with a +0 dagger.
* * * LOW HITPOINT WARNING * * *
The orc barely misses you.
The orc wizard gestures wildly while chanting.
The orc wizard flickers and vanishes!
Deactivating autopickup; reactivate with Ctrl-A.
You miss something. The orc barely misses you.
Something hits you but does no damage.
Casting: Poisonous Vapours (quite dangerous; 54% risk of failure)
Confirm with . or Enter, or press ? or * to list all spells.
The spell is quite dangerous to miscast (54% risk of failure)!
Continue anyway?
Aiming: Poisonous Vapours (quite dangerous; 54% risk of failure)
Press: ? - help, Dir - move target, f - orc
Aim: an orc, wielding a +0 flail You miscast Poisonous Vapours.
You are very lightly contaminated with residual magic.
Nothing appears to happen.
The orc barely misses you. Something hits you.
* * * LOW HITPOINT WARNING * * *
You closely miss the orc. The orc barely misses you.
You hear some strange, mumbled words.
A magic dart appears from out of thin air!
The magic dart hits you!
You die...

#.# ##.### #.# #....#
#.# ##.#.# #.# ###.# #.#
#.# #.# #.# #.# #.#
#.###############.####..
#.....o@{.<.............
#################......#
########


You could see an orc.

Vanquished Creatures
  2 adders
  6 orcs
  2 endoplasms
  4 giant cockroaches
  2 goblins
  A hobgoblin (D:2)
  4 jackals (D:4)
  2 quokkas
  7 ball pythons
  5 bats
  2 rats
37 creatures vanquished.

Notes
Turn   | Place    | Note
-------+----------+-------------------------------------------
     0 | D:1      | cameronblades the Human Fighter began the quest for the
                  | Orb.
     0 | D:1      | Reached XP level 1. HP: 18/18 MP: 1/1
   347 | D:2      | Reached XP level 2. HP: 5/24 MP: 2/2
   667 | D:2      | Reached XP level 3. HP: 29/29 MP: 4/4
   832 | D:2      | Learned a level 2 spell: Poisonous Vapours
  1517 | D:3      | Reached skill level 1 in Spellcasting
  1531 | D:3      | Reached XP level 4. HP: 33/35 MP: 5/5
  2283 | D:3      | HP: 1/35 [something (2)]
  2284 | D:3      | Killed from afar by an orc wizard

Illustrated notes

Levels and vault maps discovered:
D:1:      shiori_arrival_oz, layout_basic,
          shapermc_ecumenical_altar_mp_vishouse, chequers_mini_garden
D:2:      layout_basic, uniq_natasha
D:3:      layout_loops_ring
D:4:      layout_cave_pools, kennysheep_cross_room, minmay_goblin_outpost,
          uniq_crazy_yiuf_cottage, uniq_pikel

Skill      XL: |  1  2  3 |
---------------+----------+-----
Spellcasting   | 1 |  1.1
Fighting       | |  3.4
Long Blades    | |  0.9
Axes           | |  0.4
Maces & Flails | |  2.2
Armour         | |  3.4
Shields        | |  3.0
Air Magic      | |  0.8
Poison Magic   | |  0.6

Action                   |  1- 3 |  4- 6 || total
-------------------------+-------+-------++-------
Melee: Flail             |    32 |       ||    32
       Hand axe          |    13 |       ||    13
       Long sword        |    37 |    34 ||    71
Armor: Ring mail         |    44 |    27 ||    71
Dodge: Dodged            |    53 |    56 ||   109

Table legend: (Time is in decaauts)
 A = Elapsed time spent in this place.
 B = Non-inter-level travel time spent in this place.
 C = Inter-level travel time spent in this place.
 D = Time resting spent in this place.
 E = Time spent auto-exploring this place.
 F = Levels seen in this place.
 G = Mean time per level.
                   A        B        C        D        E       F      G
               +--------+--------+--------+--------+--------+-----+--------+
         Total |   2325 |   1581 |    744 |   1067 |      0 |   4 |  581.2 |
       Dungeon |   2325 |   1581 |    744 |   1067 |      0 |   4 |  581.2 |
               +--------+--------+--------+--------+--------+-----+--------+

Top non-repeatable levels by time:
     D:2: 1030 daAuts
     D:3: 746 daAuts
     D:1: 327 daAuts
     D:4: 221 daAuts
